 Dungeon Crawl Stone Soup version 0.18.1-48-g4cf74bf (webtiles) character file.

128 WarriorsX the Covered (level 5, -2/42 HPs)
             Began as a Human Fighter on July 31, 2016.
             Was an Initiate of Trog.
             Slain by an adder (4 damage)
             ... on level 3 of the Dungeon.
             The game lasted 00:04:14 (1963 turns).

WarriorsX the Covered (Human Fighter)               Turns: 1963, Time: 00:04:22

Health: -2/42      AC:  7    Str: 22      XL:     5   Next: 33%
Magic:  5/5        EV:  7    Int:  7 (8)  God:    Trog [......]
Gold:   52         SH:  9    Dex: 11 (13) Spells: 0 memorised, 4 levels left

rFire  . . .     SeeInvis .     a - +0 long sword
rCold  . . .     Gourm    .     b - +0 scale mail
rNeg   . . .     Faith    .     c - +0 shield
rPois  .         Spirit   .     (no helmet)
rElec  .         Dismiss  .     (no cloak)
rCorr  .         Reflect  .     (no gloves)
SustAt .         Harm     .     (no boots)
MR     .....     Rnd*Tele +     (no amulet)
Stlth  ..........               (no ring)
                                (no ring)

@: mighty, not resistant to hostile enchantments, extremely unstealthy
A: deterioration 1, regeneration 1, teleportitis 1
a: Burn Spellbooks, Renounce Religion


You were on level 3 of the Dungeon.
You worshipped Trog.
Trog was noncommittal.
You were not hungry.

You visited 1 branch of the dungeon, and saw 3 of its levels.

You collected 52 gold pieces.

Inventory:

Hand Weapons
 a - a +0 long sword (weapon)
Armour
 b - a +0 scale mail (worn)
 c - a +0 shield (worn)
Jewellery
 p - an uncursed ring of wizardry {unknown}
Scrolls
 g - 3 scrolls of magic mapping {unknown}
 h - 4 scrolls of remove curse {unknown}
 k - a scroll of enchant armour {unknown}
 l - 3 scrolls of identify {unknown}
 m - 2 scrolls of blinking {unknown}
 u - a scroll of fog {unknown}
Potions
 j - a potion of curing
 n - 2 potions of degeneration {unknown}
 o - a potion of ambrosia {unknown}
 r - 2 potions of cancellation {unknown}
 s - a potion of heal wounds {unknown}
Comestibles
 f - 3 bread rations
 i - 2 slices of pizza
 q - a beef jerky
 t - a chunk of flesh


   Skills:
 + Level 3.8 Fighting
 + Level 2.6 Long Blades
 + Level 4.1 Armour
 + Level 0.7 Stealth
 + Level 3.6 Shields


You had 4 spell levels left.
You didn't know any spells.

Dungeon Overview and Level Annotations

Branches:
Dungeon (3/15)

Altars:
Trog

Annotations:
D:3 Natasha


Innate Abilities, Weirdness & Mutations

Your body sometimes deteriorates upon taking damage.
Your natural rate of healing is unusually fast.
You are occasionally teleported next to monsters.


Message History

Okay, then.
Drink which item? (? for menu, Esc to quit)
You feel very mighty all of a sudden. The adder bites you but does no damage.
Natasha barely misses you. The adder bites you but does no damage.
You closely miss Natasha.
The crimson imp disappears in a puff of smoke!
The adder bites you but does no damage. You block Natasha's attack.
You miss Natasha. You block the adder's attack. Natasha claws you.
* * * LOW HITPOINT WARNING * * *
Your body deteriorates!
You feel dopey. The adder bites you.
* * * LOW HITPOINT WARNING * * *
You miss Natasha. You block the adder's attack. Natasha casts a spell at you.
The magic dart hits you!
* * * LOW HITPOINT WARNING * * *
Your body deteriorates!
You feel clumsy. The adder bites you.
You die...

##...##
#.###.####.##
#<# #.......#
#.###.####....
##..†####...##
##.## ..... #.#
... #.# #S# #.#
#@#
####.######h#
#........##§##
#.##.###.#...##
# #.# #...§..#
..# #.......#
.####.........#
.. ...........+
..
.............#


You could see Natasha and an adder.

Vanquished Creatures
  Ijyb (D:3)
  4 adders
  3 worms
  3 dart slugs
  2 ball pythons (D:2)
  2 bats (D:1)
  5 giant cockroaches
  5 goblins
  2 hobgoblins
  3 jackals (D:2)
  2 quokkas (D:2)
  13 giant newts
  6 kobolds
  5 rats
56 creatures vanquished.

Vanquished Creatures (others)
  A bat (D:2)
1 creature vanquished.

Grand Total: 57 creatures vanquished

Notes
Turn   | Place    | Note
--------------------------------------------------------------
     0 | D:1      | WarriorsX the Human Fighter began the quest for the Orb.
     0 | D:1      | Reached XP level 1. HP: 18/18 MP: 1/1
   192 | D:1      | Reached XP level 2. HP: 23/24 MP: 2/2
   428 | D:1      | Reached XP level 3. HP: 28/29 MP: 3/3
   941 | D:2      | Reached XP level 4. HP: 14/36 MP: 4/4
  1494 | D:2      | Found a bloodstained altar of Trog.
  1543 | D:2      | Gained mutation: You are occasionally teleported next to monsters. [potion of mutation]
  1543 | D:2      | Gained mutation: Your body sometimes deteriorates upon taking damage. [potion of mutation]
  1543 | D:2      | Gained mutation: Your natural rate of healing is unusually fast. [potion of mutation]
  1648 | D:2      | Found a bloodstained altar of Trog.
  1793 | D:2      | Became a worshipper of Trog the Wrathful
  1912 | D:3      | Reached XP level 5. HP: 38/42 MP: 5/5
  1935 | D:3      | Noticed Ijyb
  1950 | D:3      | Noticed Natasha
  1959 | D:3      | Killed Ijyb
  1959 | D:3      | Reached skill level 4 in Armour
  1963 | D:3      | HP: 2/42 [Natasha/magic dart (7)]
  1963 | D:3      | Slain by an adder

Skill      XL: |  1  2  3  4  5 |
---------------+----------------+-----
Armour         | 4 |  4.1
Fighting       | |  3.8
Long Blades    | |  2.6
Stealth        | |  0.7
Shields        | |  3.6

Action                   |  1- 3 |  4- 6 || total
-------------------------+-------+-------++-------
Melee: Long sword        |   113 |   112 ||   225
  Use: Potion            |       |     3 ||     3
  Eat: Chunk             |       |     4 ||     4
Armor: Scale mail        |    49 |    49 ||    98
Dodge: Dodged            |    38 |    38 ||    76
Block: Shield            |    60 |    64 ||   124
